 Dungeon Crawl Stone Soup version 0.24.0-2-g5b39cebb1c (webtiles) character file.

Game seed: 12686896350714593144, levelgen mode: deterministic

142604 Peloso the Peltast (level 16, -9/151 HPs)
             Began as a Minotaur Fighter on Oct 29, 2019.
             Was the Champion of Okawaru.
             Mangled by a vampire mosquito (10 damage)
             ... on level 2 of the Spider Nest.
             The game lasted 01:31:14 (32595 turns).

Peloso the Peltast (Minotaur Fighter)              Turns: 32595, Time: 01:31:14

Health: -9/151     AC:  7    Str: 25    XL:     16   Next: 80%
Magic:  16/16      EV: 10    Int:  5    God:    Okawaru [******]
Gold:   2710       SH: 17    Dex: 13    Spells: 15/15 levels left

rFire    + . .     SeeInvis .   a - +4 demon blade (venom)
rCold    + + .     Gourm    +   c - +1 shield
rNeg     . . .     Faith    .   n - +2 plate armour {rPois}
rPois    +         Spirit   .   N - +1 hat
rElec    .         Reflect  .   z - scarf {rC+ rF+}
rCorr    .         Harm     .   (no gloves)
MR       +....                  k - +2 pair of boots
Stlth    ..........             u - amulet of the gourmand
HPRegen  0.35/turn              m - ring of protection from cold
MPRegen  0.15/turn              (no ring)

@: corroded
A: retaliatory headbutt, horns 2
a: Heroism, Finesse, Renounce Religion


You were on level 2 of the Spider Nest.
You worshipped Okawaru.
Okawaru was exalted by your worship.
You were not hungry.

You visited 5 branches of the dungeon, and saw 26 of its levels.
You visited the Abyss 1 time.
You also visited: Ice Cave.

You collected 3387 gold pieces.
You spent 677 gold pieces at shops.

Inventory:

Hand Weapons
 a - a +4 demon blade of venom (weapon)
 b - a +0 scimitar of flaming
Armour
 c - a +1 shield (worn)
 k - a +2 pair of boots (worn)
 n - a +2 plate armour of poison resistance (worn)
 t - the +0 scale mail "Juklyate" {+Inv rN+ Int+3 SInv}
   (Okawaru gifted it to you on level 1 of the Spider Nest)

   It affects your intelligence (+3).
   It protects you from negative energy.
   It lets you see invisible.
   It lets you turn invisible.
 z - a scarf of resistance (worn)
 N - a +1 hat (worn)
Jewellery
 m - a ring of protection from cold (left hand)
 u - an amulet of the gourmand (around neck)
 D - an uncursed amulet of the acrobat
Wands
 e - a wand of disintegration (11)
 I - a wand of digging (10)
Scrolls
 h - 4 scrolls of magic mapping
 i - a scroll of fear
 l - 16 scrolls of remove curse
 p - a scroll of amnesia
 q - a scroll of fog
 r - 2 scrolls of immolation
 x - 3 scrolls of teleportation
 y - a scroll of enchant weapon
 A - a scroll of enchant armour
 G - 2 scrolls of identify
Potions
 d - 6 potions of haste
 g - a potion of resistance
 j - 2 potions of agility {unknown}
 o - a potion of flight
 s - a potion of cancellation {unknown}
 v - a potion of curing
 w - 2 potions of degeneration
 B - 3 potions of mutation
 C - a potion of invisibility
Comestibles
 f - 36 rations


   Skills:
 + Level 16.2 Fighting
 + Level 18.4 Long Blades
 + Level 15.7 Armour
 + Level 5.5 Dodging
 + Level 2.2 Stealth
 + Level 18.9 Shields
 + Level 1.9 Invocations
 + Level 1.4 Evocations


You had 15 spell levels left.
You didn't know any spells.
Your spell library contained the following spells:

 Spells                   Type           Power        Failure   Level  Hunger
 Beastly Appendage        Tmut           #.....       98%         1    ##.....
 Flame Tongue             Conj/Fire      #....        98%         1    ##.....
 Infusion                 Chrm           #...         98%         1    ##.....
 Magic Dart               Conj           #...         98%         1    ##.....
 Blink                    Tloc           N/A          99%         2    ###....
 Call Imp                 Summ           #.......     99%         2    ###....
 Searing Ray              Conj           #.....       99%         2    ###....
 Shroud of Golubria       Chrm/Tloc      #.....       99%         2    ###....
 Slow                     Hex            #.......     99%         2    ###....
 Song of Slaying          Chrm           #.......     99%         2    ###....
 Sticks to Snakes         Tmut           #.......     99%         2    ###....
 Throw Flame              Conj/Fire      #.....       99%         2    ###....
 Conjure Flame            Conj/Fire      #.......     100%        3    ####...
 Ignite Poison            Fire/Tmut/Pois #.......     100%        3    ####...
 Mephitic Cloud           Conj/Pois/Air  #.......     100%        3    ####...
 Regeneration             Chrm/Necr      #.........   100%        3    ####...
 Spectral Weapon          Hex/Chrm       #.......     100%        3    ####...
 Spider Form              Tmut/Pois      #.........   100%        3    ####...
 Static Discharge         Conj/Air       #.......     100%        3    ####...
 Ice Form                 Ice/Tmut       #.......     100%        4    #####..
 Petrify                  Tmut/Erth      #.......     100%        4    #####..
 Blade Hands              Tmut           #.........   100%        5    ######.
 Yara's Violent Unravell  Hex/Tmut       #.........   100%        5    ######.


Dungeon Overview and Level Annotations

Branches:
Dungeon (14/15)            Temple (1/1) D:6            Lair (6/6) D:10
 Shoals (0/4) Lair:3       Spider (3/4) Lair:2        Slime (0/5) Lair:5
    Orc (2/2) D:12            Elf (0/3) Orc:2        Vaults (0/5) D:13
  IceCv (visited)

Altars:
Ashenzari
Cheibriados
Dithmenos
Elyvilon
Fedhas
Gozag
Hepliaklqana
Kikubaaqudgha
Makhleb
Nemelex Xobeh
Okawaru
Qazlal
Ru
Sif Muna
Trog
Uskayaw
Vehumet
Wu Jian
Xom
Yredelemnul
Zin
The Shining One
Beogh
Lugonu

Shops:
D:10 *   D:13 !   Orc:2 *(**

Annotations:
D:12 1 exclusion


Innate Abilities, Weirdness & Mutations

You reflexively headbutt those who attack you in melee.
You have a pair of horns on your head.


Message History

As you read the scroll of fear, it crumbles to dust.
You assume a fearsome visage.
The vampire mosquito is unaffected. x2
The demonic crawler is unaffected.
You block the vampire mosquito's attack.
The vampire mosquito bites you.
* * * LOW HITPOINT WARNING * * *
The vampire mosquito draws strength from your injuries!
The vampire mosquito completely misses you.
You furiously retaliate!
You headbutt the vampire mosquito, but do no damage.
The demonic crawler hits you.
* * * LOW HITPOINT WARNING * * *
You block the demonic crawler's attack. The demonic crawler hits you.
* * * LOW HITPOINT WARNING * * *
As you read the scroll of fear, it crumbles to dust.
You assume a fearsome visage.
The vampire mosquito is unaffected. x2
The demonic crawler is unaffected.
You block the vampire mosquito's attack. x2
The vampire mosquito bites you!
You die...

##########################
......#.#≈≈#≈≈#≈≈≈≈≈#....#
..........#≈≈#.≈#≈#.#...###
#.####.....##..#y#^.###...#
###.##.##..##...@....#....#
#.#..####...##.y.s#....##.#
#....#.##.^##..##.##....###
...###..........#######...#
.### #...#...#.##.#..#....#
### #####.#.###..#.^##...#
#.# ##.# ######...#..(..#^#
..###..# ####.....^.###
..#...## #.<...#.##.#


You could see a demonic crawler and 2 vampire mosquitoes.

Vanquished Creatures
  Jorgrun (Orc:1)
  Gastronok (Lair:1)
  Roxanne (D:14)
  A frost giant (IceCv)
  Louise (D:14)
  3 entropy weavers
  2 spark wasps (Spider:2)
  The ghost of Froggeryz the Arsonist, a journeyman NaFE of Cheibriados (D:10)
  Harold (D:11)
  An ice dragon (D:12)
  3 hydras
  3 centaur warriors
  A catoblepas (D:13)
  4 ogre magi
  23 two-headed ogres
  8 death yaks
  An orc high priest (Orc:1)
  Sonja (Lair:5)
  A deep elf knight (D:13)
  4 unseen horrors
  An orc knight (Orc:1)
  A deep elf mage (D:14)
  3 necromancers (D:13)
  A wizard (D:13)
  6 orb spiders
  11 wolf spiders
  A worldbinder (Abyss:2)
  2 manticores
  2 ugly things
  6 cyclopes
  6 black mambas
  3 centaur zombies
  9 elephants
  Joseph (Lair:1)
  A guardian serpent (D:14)
  A torpor snail (Lair:6)
  2 gargoyles
  An ice statue (IceCv)
  A large abomination (Abyss:2)
  10 spiny frogs
  An efreet (D:12)
  7 demonic crawlers
  A rime drake (IceCv)
  11 komodo dragons
  A tengu conjurer (D:13)
  A merfolk (D:12)
  11 jumping spiders
  6 hornets
  17 polar bears
  18 blink frogs
  7 trolls
  A hornet (shapeshifter) (D:14)
  3 raiju (Abyss:2)
  13 dream sheep (Lair:6)
  7 slime creatures
  A ynoxinul (Abyss:2)
  16 hippogriffs
  39 redbacks
  11 tarantellas
  91 yaks
  19 humans (D:13)
  5 wyverns
  14 spriggans (Lair:6)
  A basilisk (Lair:4)
  4 wraiths
  A hungry ghost (D:10)
  Grum (D:11)
  3 vampire mosquitoes (D:12)
  14 water moccasins
  8 porcupines
  22 orc warriors
  2 acid dragons (D:12)
  3 sky beasts
  5 black bears
  4 phantoms
  A necrophage (D:6)
  40 ogres
  13 ice beasts
  3 eyes of draining
  41 wolves
  4 boggarts (Lair:6)
  15 centaurs
  12 crocodiles
  14 bullfrogs
  3 big kobolds
  A wyvern zombie (D:12)
  7 scorpions
  14 killer bees
  5 wights (D:12)
  4 howler monkeys
  10 crimson imps
  2 lava snakes (D:12)
  A bullfrog zombie (D:11)
  7 hounds
  5 jellies
  25 orc wizards
  Crazy Yiuf (D:3)
  24 orc priests
  2 bullfrog skeletons
  2 centaur skeletons
  6 iguanas
  Natasha (thrice) (D:2)
  9 worker ants
  Ijyb (D:4)
  A small abomination (Abyss:2)
  A hound skeleton (D:7)
  A worker ant zombie (D:10)
  8 gnolls
  22 adders
  A shadow imp (D:8)
  5 dart slugs
  3 leopard geckos
  100 orcs
  12 bats
  4 giant cockroaches
  12 goblins
  9 hobgoblins
  16 jackals
  4 quokkas
  5 frilled lizards
  A jackal zombie (D:5)
  28 kobolds
  2 leopard gecko skeletons
  A quokka skeleton (D:4)
  A quokka zombie (D:7)
  3 rats
  3 fungi
1018 creatures vanquished.

Vanquished Creatures (others)
  A human (D:13)
  6 fungi
  A plant (Lair:4)
8 creatures vanquished.

Grand Total: 1026 creatures vanquished

Notes
Turn   | Place    | Note
-------+----------+-------------------------------------------
     0 | D:1      | Peloso the Minotaur Fighter began the quest for the Orb.
     0 | D:1      | Reached XP level 1. HP: 19/19 MP: 0/0
    48 | D:1      | Reached XP level 2. HP: 14/27 MP: 1/1
   508 | D:2      | Reached XP level 3. HP: 25/33 MP: 2/2
   518 | D:2      | Noticed Natasha
   528 | D:2      | Killed Natasha
   528 | D:2      | Reached XP level 4. HP: 9/40 MP: 3/3
  1086 | D:2      | Reached skill level 1 in Dodging
  1164 | D:2      | Noticed Natasha
  1178 | D:2      | Killed Natasha
  1178 | D:2      | Reached XP level 5. HP: 17/47 MP: 4/4
  1283 | D:2      | Noticed Natasha
  1292 | D:2      | HP: 2/47 [white imp/puff of frost[Natasha] (1)]
  1295 | D:2      | Killed Natasha
  1939 | D:3      | Found a shadowy altar of Dithmenos.
  2178 | D:3      | Reached skill level 5 in Shields
  2383 | D:3      | Found a runed translucent door.
  2384 | D:3      | Noticed Crazy Yiuf
  2672 | D:3      | Killed Crazy Yiuf
  2672 | D:3      | Reached skill level 5 in Fighting
  2672 | D:3      | Reached XP level 6. HP: 26/56 MP: 5/5
  3128 | D:4      | You fall into a shaft and drop 2 floors!
  3148 | D:6      | Noticed an ice beast
  3160 | D:6      | Killed an ice beast
  3160 | D:6      | Reached skill level 5 in Long Blades
  3160 | D:6      | Reached skill level 5 in Armour
  3171 | D:6      | Found a staircase to the Ecumenical Temple.
  3179 | Temple   | Entered the Ecumenical Temple
  3282 | D:6      | Found a blossoming altar of Fedhas.
  3287 | D:6      | Reached XP level 7. HP: 55/61 MP: 6/6
  3739 | D:6      | Reached XP level 8. HP: 64/69 MP: 7/7
  3926 | D:5      | Entered Level 5 of the Dungeon
  4894 | D:4      | Noticed Ijyb
  4897 | D:4      | Killed Ijyb
  5052 | D:4      | Found a bloodstained altar of Trog.
  5547 | D:7      | Noticed a hippogriff
  5548 | D:7      | Found a sparkling altar of Nemelex Xobeh.
  5553 | D:7      | Killed a hippogriff
  5644 | D:7      | Reached XP level 9. HP: 71/75 MP: 8/8
  5882 | D:7      | Found an iron altar of Okawaru.
  5888 | D:7      | Found an ornate altar of the Wu Jian Council.
  5888 | D:7      | Found a shattered altar of Ashenzari.
  5891 | D:7      | Found a basalt altar of Yredelemnul.
  5893 | D:7      | Became a worshipper of Warmaster Okawaru
  6467 | D:7      | Reached * piety under Okawaru
  6531 | D:7      | Found a shimmering altar of Xom.
  6531 | D:7      | Found a hazy altar of Hepliaklqana.
  6536 | D:7      | Found a radiant altar of Vehumet.
  6538 | D:7      | Found a shimmering blue altar of Sif Muna.
  6540 | D:7      | Found an opulent altar of Gozag.
  7187 | D:8      | Found a hazy altar of Hepliaklqana.
  7206 | D:7      | Reached skill level 10 in Long Blades
  7509 | D:8      | Found a stormy altar of Qazlal.
  8033 | D:9      | Found a burning altar of Makhleb.
  8071 | D:9      | Reached XP level 10. HP: 86/86 MP: 9/9
  8087 | D:9      | Reached ** piety under Okawaru
  8950 | D:10     | Entered Level 10 of the Dungeon
  8985 | D:10     | Found a runed translucent gate.
  8987 | D:10     | Found a runed translucent gate.
  8988 | D:10     | Found a runed translucent gate.
  8988 | D:10     | Noticed Froggeryz's ghost (journeyman NaFE)
  9352 | D:10     | Reached *** piety under Okawaru
  9420 | D:10     | Reached skill level 10 in Shields
  9446 | D:10     | Found a staircase to the Lair.
  9451 | D:10     | Noticed an elephant
  9469 | D:10     | Killed an elephant
  9506 | D:10     | Reached XP level 11. HP: 65/95 MP: 10/10
  9778 | D:10     | Found Afoimuc's Assorted Antiques.
  9786 | D:10     | Bought a scroll labeled AKACWOHETUA for 34 gold pieces
  9809 | D:11     | Noticed Grum
  9820 | D:10     | Reached **** piety under Okawaru
  9880 | D:11     | Killed Grum
 10331 | D:11     | Reached skill level 10 in Armour
 10341 | D:11     | Noticed Harold
 10363 | D:11     | Killed Harold
 10363 | D:11     | Reached ***** piety under Okawaru
 10877 | D:11     | Killed an unseen horror
 11197 | D:11     | Noticed a purple ugly thing
 11220 | D:11     | Killed a purple ugly thing
 11331 | D:11     | Identified the Handbook of Unstable Attacks
 11352 | D:11     | Received a gift from Okawaru
 11556 | D:11     | Noticed a two-headed ogre
 11566 | D:11     | Killed a two-headed ogre
 11566 | D:11     | Reached skill level 1 in Invocations
 11758 | D:12     | Noticed a two-headed ogre
 11768 | D:12     | Reached XP level 12. HP: 57/106 MP: 11/11
 11771 | D:12     | Killed a two-headed ogre
 11776 | D:12     | Received a gift from Okawaru
 11776 | D:12     | Noticed an ice dragon
 11787 | D:12     | Killed an ice dragon
 11787 | D:12     | Reached skill level 10 in Fighting
 12070 | D:12     | Found a staircase to the Orcish Mines.
 12597 | D:12     | Reached skill level 1 in Stealth
 12639 | D:12     | Noticed a two-headed ogre
 12647 | D:12     | Killed a two-headed ogre
 12714 | D:12     | Noticed a two-headed ogre
 12720 | D:12     | Killed a two-headed ogre
 12720 | D:12     | Reached skill level 15 in Long Blades
 12991 | Lair:1   | Entered Level 1 of the Lair of Beasts
 13013 | Lair:1   | Noticed a six-headed hydra
 13023 | Lair:1   | Killed a three-headed hydra
 13301 | Lair:1   | Received a gift from Okawaru
 13356 | Lair:1   | Noticed Gastronok
 13377 | Lair:1   | Killed Gastronok
 13377 | Lair:1   | Reached XP level 13. HP: 61/116 MP: 11/13
 13377 | Lair:1   | Noticed Joseph
 13391 | Lair:1   | Killed Joseph
 14247 | Lair:2   | Found a frozen archway.
 14514 | IceCv    | Entered an ice cave
 14702 | IceCv    | Received a gift from Okawaru
 15402 | IceCv    | Noticed a frost giant
 15464 | IceCv    | Killed a frost giant
 15781 | IceCv    | Got a warped iron ring
 15783 | IceCv    | Identified the ring "Ajupeip" {rPois rF- Dex-4 Slay+5
                  | Stlth+} (You found it in an ice cave)
 16419 | Lair:2   | Found a hole to the Spider Nest.
 16819 | Lair:3   | Found a staircase to the Shoals.
 17375 | Lair:3   | Received a gift from Okawaru
 17375 | Lair:3   | Reached XP level 14. HP: 114/127 MP: 14/14
 17386 | Lair:3   | Got a crude flail {god gift}
 17387 | Lair:3   | Identified the +8 flail of the Salmon {flame, +Fly rC-
                  | Dex+4 Stlth+} (Okawaru gifted it to you on level 3 of the
                  | Lair of Beasts)
 18290 | Lair:4   | Reached skill level 15 in Shields
 18379 | Lair:4   | Reached ****** piety under Okawaru
 19822 | D:13     | Reached skill level 5 in Dodging
 19831 | D:13     | Received a gift from Okawaru
 20247 | D:13     | Found a gate to the Vaults.
 20283 | D:13     | Reached skill level 1 in Evocations
 20298 | D:13     | HP: 4/130 [something/bolt of lightning (28)]
 20845 | D:13     | Found Oclec's Distillery.
 20850 | D:13     | Bought a potion of degeneration for 19 gold pieces
 20850 | D:13     | Bought a potion of heal wounds for 95 gold pieces
 20850 | D:13     | Bought a potion of heal wounds for 95 gold pieces
 20889 | D:13     | Found a blossoming altar of Fedhas.
 20965 | D:13     | Found an ornate altar of the Wu Jian Council.
 21043 | D:13     | Received a gift from Okawaru
 21046 | D:13     | Got a faintly glowing morningstar {god gift}
 21047 | D:13     | Identified the +5 morningstar of the Water Diviner {venom,
                  | *Rage rF+ rN+} (Okawaru gifted it to you on level 13 of the
                  | Dungeon)
 21775 | D:14     | Identified the cursed +0 large shield of Duinimuv {Int+3}
 21775 | D:14     | Noticed Louise
 21792 | D:14     | Cast into level 2 of the Abyss (Louise)
 21884 | Abyss:2  | Found a sparkling altar of Nemelex Xobeh.
 21911 | Abyss:2  | Received a gift from Okawaru
 21949 | Abyss:2  | Noticed a green draconian shifter
 21960 | D:14     | Escaped the Abyss
 22239 | D:14     | Killed Louise
 22239 | D:14     | Reached XP level 15. HP: 106/138 MP: 8/15
 22299 | D:14     | Noticed Roxanne
 22316 | D:14     | Killed Roxanne
 22750 | Orc:1    | Entered Level 1 of the Orcish Mines
 23469 | Orc:1    | Noticed Jorgrun
 23485 | Orc:1    | Killed Jorgrun
 23659 | Orc:1    | Found a roughly hewn altar of Beogh.
 23793 | Orc:2    | Entered Level 2 of the Orcish Mines
 24465 | Orc:2    | Received a gift from Okawaru
 25073 | Orc:2    | Reached skill level 15 in Fighting
 25095 | Orc:2    | Found Voesk's General Store.
 25101 | Orc:2    | Found Weucaocym's General Store.
 25101 | Orc:2    | Found Vicylaonemp's Assorted Antiques.
 25101 | Orc:2    | Found Ihiog's Weapon Shop.
 25126 | Orc:2    | Bought a potion of mutation for 104 gold pieces
 25128 | Orc:2    | Bought a scroll of enchant weapon for 90 gold pieces
 25128 | Orc:2    | Bought a scroll of brand weapon for 240 gold pieces
 25418 | Orc:2    | Found a staircase to the Elven Halls.
 25960 | Lair:5   | Found a staircase to the Slime Pits.
 26008 | Lair:5   | Noticed Sonja
 26016 | Lair:5   | Killed Sonja
 26199 | Lair:5   | Received a gift from Okawaru
 26532 | Lair:6   | Entered Level 6 of the Lair of Beasts
 26671 | Lair:5   | Reached skill level 15 in Armour
 26695 | Lair:5   | HP: 6/141 [death yak (6)]
 27129 | Lair:6   | Reached XP level 16. HP: 118/149 MP: 16/16
 27740 | Lair:6   | Received a gift from Okawaru
 28455 | Lair:6   | Identified a scroll of acquirement
 29087 | D:10     | Killed Froggeryz's ghost
 29305 | Spider:1 | Entered Level 1 of the Spider Nest
 29641 | Spider:1 | Received a gift from Okawaru
 29680 | Spider:1 | Got a jet-encrusted scale mail {god gift}
 30016 | Spider:1 | Identified the +0 scale mail "Juklyate" {+Inv rN+ Int+3
                  | SInv} (Okawaru gifted it to you on level 1 of the Spider
                  | Nest)
 32594 | Spider:2 | HP: 6/151 [demonic crawler (4)]
 32594 | Spider:2 | HP: 1/151 [demonic crawler (5)]
 32595 | Spider:2 | Mangled by a vampire mosquito

Levels and vault maps discovered:
D:1:      minmay_arrival_shattered_statue, layout_rooms
D:2:      layout_basic, kennysheep_generic_room_11, uniq_natasha
D:3:      layout_loops_ring, overflow_temple_1_default, uniq_crazy_yiuf_cottage
D:4:      layout_gridville, trog_eyes_of_draining, first_ration, uniq_ijyb
D:5:      layout_loops_ring
D:6:      layout_basic, lemuel_round_altar,
          minmay_temple_entry_statues_fountains
D:7:      layout_layer_cave, grunt_temple_overflow_open,
          nicolae_overflow_crystal_walls, chequers_temple_overflow_minitemple
D:8:      layout_cave_pools, nicolae_qazlal_style_of_elements, basic_altar
D:9:      layout_roguey [special_room_orc], nicolae_overflow_hidden_temple
D:10:     layout_loops_ring, david_lair_generic, ebering_ghost_rock_garden,
          serial_shops, shop
D:11:     layout_grid_maze, uniq_grum, uniq_harold
D:12:     layout_basic, david_orc_4, hangedman_fish_farm
D:13:     layout_basic, grunt_vaults_entry_tiered, basic_altar, serial_shops,
          kennysheep_little_box, fedhas_bush_and_centaur_altar
D:14:     layout_rooms, uniq_roxanne, uniq_louise
Temple:   corrupted_temple
Lair:1:   layout_roguey, uniq_joseph, uniq_gastronok
Lair:2:   layout_regular_city, spider_nest_entry_webs,
          portal_ice_cave_entry_ice_beasts, roderic_batcave
Lair:3:   layout_chaotic_city, minmay_shoals_entry_beasts
Lair:4:   minmay_lair_venomous_thicket, layout_gridlike,
          small_statue_intersection, beast_lair_carwin_5
Lair:5:   layout_concentric_octagons, minmay_slime_entry_pillars, uniq_sonja
Lair:6:   minmay_lair_end_enchanted_forest, layout_cave_pods
Spider:1: layout_spider_delve
Spider:2: layout_spider_delve
Spider:3: layout_spider_delve, drop_trap, einodemon_crawler_minivault,
          uniq_aizul
Orc:1:    minmay_goldmine, layout_diamond_mine, david_defended_altar_orc,
          uniq_jorgrun
Orc:2:    st_orc_ogre_mass, layout_caves

Skill      XL: |  1  2  3  4  5  6  7  8  9 10 11 12 13 14 15 16 |
---------------+-------------------------------------------------+-----
Shields        | 4 5 6 7 8 10 11 13 14 16 17 18 | 18.9
Fighting       | 4 5 6 7 8 9 11 12 14 15 16 | 16.2
Armour         | 4 5 6 7 9 10 11 12 13 15 | 15.7
Long Blades    | 3 4 5 6 8 10 12 13 15 16 17 18 | 18.4
Dodging        | 1 2 3 4 5 |  5.5
Invocations    | 1 |  1.9
Stealth        | 1 2 |  2.2
Evocations     | 1 |  1.4

Action                   |  1- 3 |  4- 6 |  7- 9 | 10-12 | 13-15 | 16-18 || total
-------------------------+-------+-------+-------+-------+-------+-------++-------
Melee: Long sword        |    49 |   150 |   355 |   458 |       |       ||  1012
       Headbutt          |     5 |    28 |    69 |   236 |   402 |   157 ||   897
       Falchion          |       |       |       |   164 |       |       ||   164
       Double sword      |       |       |       |   282 |       |       ||   282
       Demon blade       |       |       |       |    17 |  1502 |   548 ||  2067
       Scimitar          |       |       |       |     6 |     6 |     5 ||    17
Invok: Heroism           |       |       |       |    13 |     6 |     1 ||    20
       Finesse           |       |       |       |     1 |     1 |       ||     2
Evoke: Wand              |       |       |     2 |       |    20 |       ||    22
  Use: Scroll            |       |     8 |     4 |     5 |    11 |     5 ||    33
       Potion            |       |     4 |       |     4 |     6 |     1 ||    15
 Stab: Distracted        |       |       |       |       |     1 |       ||     1
  Eat: Chunk             |       |     7 |    12 |    18 |    40 |    15 ||    92
       Ration            |       |       |     1 |     1 |     1 |     2 ||     5
Armor: Scale mail        |    23 |    68 |       |       |       |       ||    91
       Chain mail        |       |       |   135 |    37 |       |       ||   172
       Plate armour      |       |       |       |   332 |   504 |   276 ||  1112
Dodge: Dodged            |    28 |    47 |    95 |   225 |   394 |   210 ||   999
Block: Shield            |    31 |    79 |   196 |   515 |  1057 |   555 ||  2433
       Rpst.: Long sword |     5 |    14 |    25 |    26 |       |       ||    70
       Falchion          |       |       |       |    18 |       |       ||    18
       Double sword      |       |       |       |    18 |       |       ||    18
       Demon blade       |       |       |       |     1 |    88 |    36 ||   125
